Cogmind - Beta 17.1 @@@ ROGUE MODE // 2026.09.15 @ 15:22:11 Player: MolePlayingNice Result: Destroyed by Lgt. Cannon Carrier with Light Cannon Performance ------------- Evolutions (0) 0 Regions Visited (2) 400 Robots Destroyed (24) 120 Value Destroyed (520) 520 Prototype IDs (4) 80 Alien Tech Used (0) 0 Bonus (7400) 7400 TOTAL SCORE: 8520 Bonus ------- Prayed to X0-1V1 5000 Major X0-1V1 Interference 2400 Cogmind --------- Core Integrity 0/175 Matter 472/1000 Energy 1395/1400 System Corruption 29% Temperature Cool (0) Movement Treading (240) Ox1 Location -10/Subcaves Parts ------- > --- POWER (2) -------- (None) > --- PROPULSION (1) --- Light Treads > --- UTILITY (2) ------ Large Storage Unit Self-contained Transmogrifier > --- WEAPON (2) ------- Scythe (fused) > --- INVENTORY (15) --- Ion Engine Light Treads Light Treads Light Treads Advanced Treads Heat Sink Heat Sink Medium Matter Pod (40) Utility Shielding X0-1V1's Piety Tracker Multitool Peak State ------------ > --- POWER ------------ Ion Engine Light Nuclear Core > --- PROPULSION ------- Advanced Treads > --- UTILITY ---------- Large Storage Unit Self-contained Transmogrifier > --- WEAPON ----------- EM Pulse Gun Light Assault Rifle Mace Mining Claw > --- INVENTORY -------- Ion Engine Light Ion Engine Light Treads Light Treads Light Treads Light Treads Heat Sink Heat Sink Medium Matter Pod Utility Shielding X0-1V1's Piety Tracker Small Laser Multitool [Rating: 24] Favorites ----------- Power Light Nuclear Core Engine Light Ion Engine Power Core Light Nuclear Core Propulsion Light Treads Treads Light Treads Leg Aluminum Leg Utility Large Storage Unit Device X0-1V1's Piety Tracker Storage Large Storage Unit Protection Utility Shielding Weapon Light Assault Rifle Energy Gun Small Laser Ballistic Gun Light Assault Rifle Special Weapon Multitool Impact Weapon Mace Slashing Weapon Mining Claw Build | -11 -10 -10 ------- Run | Yrd Mat Sub Slots Evolved . | . . . Power . | . . . Propulsion . | . . . Utility . | . . . Weapon . | . . . Parts Attached 23 | . 11 12 Power 5 | . 3 2 Engine 4 | . 2 2 Core 1 | . 1 . Reactor . | . . . Propulsion 5 | . 2 3 Treads 5 | . 2 3 Leg . | . . . Wheel . | . . . Hover . | . . . Flight . | . . . Utility 5 | . 5 . Device 3 | . 3 . Storage 1 | . 1 . Processor . | . . . Hackware . | . . . Protection 1 | . 1 . Artifact . | . . . Weapon 8 | . 1 7 Energy Gun 4 | . . 4 Energy Cannon . | . . . Ballistic Gun 3 | . 1 2 Ballistic Cannon . | . . . Launcher . | . . . Special Weapon 1 | . . 1 Impact Weapon . | . . . Slashing Weapon . | . . . Piercing Weapon . | . . . Special Melee Weapon . | . . . Unidentified Prototypes 1 | . 1 . Corrupted Parts 1 | . . 1 System Corruption 1 | . . 1 Parts Lost 11 | . 1 10 Power 4 | . 1 3 Propulsion 2 | . . 2 Utility . | . . . Weapon 5 | . . 5 Highest Loss Streak 5 | . 1 5 To Critical Strikes . | . . . Average Backups 11 | . 9 13 Power 1 | . 1 1 Propulsion 3 | . 3 4 Utility 3 | . 1 4 Weapon 2 | . 2 2 Tool/Special . | . . . Unused Backups 18 | . 13 5 Power 3 | . 2 1 Propulsion 10 | . 8 2 Utility 4 | . 2 2 Weapon 1 | . 1 . Tool/Special . | . . . Average Slot Usage (%) 96 | . 98 95 Engine 6 | . 7 6 Core 8 | . 5 9 Treads 19 | . 24 17 Leg 1 | . 3 . Device 11 | . 9 12 Storage 13 | . 14 12 Protection 1 | . 3 . Energy Gun 5 | . 1 7 Ballistic Gun 19 | . 26 16 Special Weapon 2 | . . 3 Impact Weapon 2 | . . 3 Slashing Weapon 2 | . . 3 Peak Build Rating 24 | . 22 24 Average Rating 17 | . 8 21 On Entrance 11 | 6 6 22 Avg Prop Armor Cover (%) . | . . . Naked Turns . | . . . Heaviest Build 38 | 14 29 38 Greatest Support 40 | 20 40 40 Greatest Overweight (x) 1 | . . 1 Average Overweight (x) . | . . . Largest Inventory Capacity 15 | . 15 15 Average Capacity 13 | . 10 15 Most Carried 15 | . 14 15 Average Carried 11 | . 9 13 Final Capacity 15 | 8 15 15 Final Carried 14 | 6 14 11 Transmogrified Parts 5 | . . 5 Integrity Recovered 55 | . . 55 Class Distribution -------------------- 75% | Mutant 17% | Gunner 7% | Scavenger-Gunner Dominant Class ---------------- Mutant | -10/Materials Mutant | -10/Subcaves Resources | -11 -10 -10 ----------- Run | Yrd Mat Sub Matter Collected 969 | 178 367 424 Remotely . | . . . Salvage Created 775 | . 485 290 Parts 63 | . 42 21 Haulers Intercepted 2 | . 2 . Recyclers Shooed 1 | . 1 . Parts Field Recycled . | . . . Retrieved Matter . | . . . Parts Self-Destructed 24 | . . 24 Prevented 3 | . . 3 Parts Restored . | . . . Kills | -11 -10 -10 ------- Run | Yrd Mat Sub Combat Hostiles Destroyed 20 | . 10 10 Guns 19 | . 10 9 AOE 1 | . . 1 Classes Destroyed 5 | . 4 1 Worker 2 | . 2 . Hauler 2 | . 2 . Swarmer 8 | . 3 5 Grunt 12 | . 7 5 Artisan 1 | . . 1 Best Kill Streak 5 | . 4 5 Combat Bots Only 5 | . 4 5 Max Kills in Single Turn 2 | . 2 2 Gunslinging 1 | . 1 1 Exploded 1 | . . 1 Melee . | . . . Uniques/NPCs Destroyed . | . . . Combat | -11 -10 -10 -------- Run | Yrd Mat Sub Hostile Shots Fired 173 | . 66 107 Missed 54 | . 28 26 Hits 119 | . 38 81 Melee 8 | . . 8 Projectile 111 | . 38 73 Critical Strikes 1 | . 1 . Damage Taken 1536 | . 485 1051 Core 420 | . 119 301 Absorbed by Shields . | . . . Core Remaining (%) 100 | 100 . . Volleys Fired 84 | . 55 29 Largest 3 | . 2 3 Hottest 100 | . 60 100 Shots Fired 171 | . 110 61 Gun 166 | . 110 56 Cannon . | . . . Launcher . | . . . Special 5 | . . 5 Kinetic 137 | . 109 28 Thermal 20 | . . 20 Explosive . | . . . Electromagnetic 14 | . 1 13 Robot Hit Streak 12 | . 12 12 Robot Miss Streak 4 | . 4 3 Penetration Max . | . . . Secondary Targets 7 | . 2 5 Max Gunslinging Chain 1 | . 1 1 Shots Hit Robots 119 | . 67 52 Core Hits 48 | . 28 20 Critical Kills . | . . . Critical Parts Destroyed . | . . . Critical Strikes 1 | . . 1 Sever 1 | . . 1 Melee Attacks 19 | . . 19 Impact 2 | . . 2 Slashing 17 | . . 17 Piercing . | . . . Sneak Attacks . | . . . Combat Hostiles . | . . . Follow-up Attacks 2 | . . 2 Damage Inflicted 1570 | . 720 850 Guns 1135 | . 706 429 Cannons . | . . . Explosions 75 | . . 75 Melee 342 | . . 342 Ramming 18 | . 14 4 Kinetic 904 | . 706 198 Thermal 180 | . . 180 Explosive . | . . . Electromagnetic 126 | . . 126 Impact 38 | . . 38 Slashing 304 | . . 304 Piercing . | . . . Highest Corruption 29 | . . 29 Average Corruption 19 | . . 19 Corruption Purged . | . . . Corruption Blocked . | . . . Effects 24 | . . 24 Message Errors 9 | . . 9 Matter Fused 4 | . . 4 Heat Flow Errors 2 | . . 2 Energy Discharges 3 | . . 3 Parts Rejected 1 | . . 1 Data Loss (minor) 3 | . . 3 Data Loss (major) 1 | . . 1 Weapon Failures 1 | . . 1 Overload Shots . | . . . Overflow Damage . | . . . Projectiles . | . . . Explosions . | . . . Melee . | . . . Knockbacks 1 | . 1 . Impact 1 | . 1 . Kinetic . | . . . Secondary . | . . . Self-Inflicted Damage 4 | . . 4 Shots . | . . . Rammed 3 | . 3 . Targets Rammed 4 | . 4 . Kicked . | . . . Crushed 1 | . 1 . Highest Temperature 241 | . 17 241 Average Temperature 47 | . 7 79 Received Heat Transfer 492 | . 276 216 Siege Activations . | . . . Martial Activations . | . . . Shielding Activations . | . . . Robots Disrupted . | . . . Combat Hostiles . | . . . Robots Corrupted . | . . . Combat Hostiles . | . . . Parts Fried . | . . . Impact Corruptions . | . . . Robots Melted . | . . . Combat Hostiles . | . . . Parts Melted . | . . . Heat Transferred 285 | . . 285 Parts Sabotaged . | . . . Parts Stolen 1 | . . 1 Parts Stripped . | . . . Power Chain Reactions 1 | . . 1 Alert | -11 -10 -10 ------- Run | Yrd Mat Sub Maximum Alert Level . | . . . Low Security (%) 100 | . 100 . Level 1 . | . . . Level 2 . | . . . Level 3 . | . . . Level 4 . | . . . Level 5 . | . . . High Security . | . . . Max Security . | . . . Peak Influence 90 | . 90 . Initial . | . . . Average 34 | . 34 . Influence Increases 464 | . 264 200 Destroy 0b10 Robot/C 400 | . 200 200 Destroy 0b10 Robot/NC 20 | . 20 . Destroy Leader 44 | . 44 . Influence Decreases 464 | . 264 200 Time Decay 384 | . 254 130 Lost Part 80 | . 10 70 Squads Dispatched 1 | . 1 . Investigation 1 | . 1 . Extermination . | . . . Reinforcement . | . . . Assault . | . . . Garrison . | . . . Intercept . | . . . Searches Triggered . | . . . Construction Impeded . | . . . Haulers Reinforced . | . . . Active Scanning Responses . | . . . Cargo Convoy Interrupts . | . . . Stealth | -11 -10 -10 --------- Run | Yrd Mat Sub Distress Signals . | . . . Communications Jammed . | . . . Distress Signals . | . . . Times Spotted 29 | . 15 14 Peak Tracking Total 5 | . 4 5 Tactical Retreats . | . . . Traps | -11 -10 -10 ------- Run | Yrd Mat Sub Traps Triggered 1 | . 1 . Indirectly . | . . . Trap Hack Attempts . | . . . Triggered . | . . . Disarmed . | . . . Reprogrammed . | . . . Reused . | . . . Traps Extracted . | . . . Installed . | . . . Triggered . | . . . Machines | -11 -10 -10 ---------- Run | Yrd Mat Sub Machines Disabled . | . . . Max in Single Turn . | . . . Machines Repaired . | . . . Machines Dismantled . | . . . Machines Sabotaged . | . . . Overloaded Fab Kills . | . . . Hacking | -11 -10 -10 --------- Run | Yrd Mat Sub Machines Accessed . | . . . Terminals . | . . . Fabricators . | . . . Repair Stations . | . . . Recycling Units . | . . . Scanalyzers . | . . . Garrison Access . | . . . Total Hacks . | . . . Successful . | . . . Failed . | . . . Catastrophic . | . . . Database Lockouts . | . . . Manual 1 | . 1 . Terminals . | . . . Fabricators . | . . . Repair Stations . | . . . Recycling Units . | . . . Scanalyzers . | . . . Garrison Access . | . . . Terminal Hacks . | . . . Fabricator Hacks . | . . . Repair Station Hacks . | . . . Recycling Unit Hacks . | . . . Scanalyzer . | . . . Garrison Access Hacks . | . . . Unauthorized Hacks . | . . . Terminals . | . . . Fabricators . | . . . Repair Stations . | . . . Recycling Units . | . . . Scanalyzers . | . . . Garrison Access . | . . . Data Cores Recovered . | . . . Used . | . . . Hacking Detections . | . . . Full Trace Events . | . . . Feedback Events . | . . . Feedback Blocked . | . . . Robot Schematics Acquired . | . . . Robots Built . | . . . Authchips . | . . . Time . | . . . Total Robot Build Rating . | . . . Part Schematics Acquired . | . . . Parts Built . | . . . Authchips . | . . . Time . | . . . Total Part Build Rating . | . . . Part Studies Acquired . | . . . Parts Repaired . | . . . Time . | . . . Parts Recycled . | . . . Recycled Matter . | . . . Retrieved Matter . | . . . Retrieved Components . | . . . Parts Scanalyzed . | . . . Part Schematics Acquired . | . . . Parts Damaged . | . . . Bothacking | -11 -10 -10 ------------ Run | Yrd Mat Sub Used RIF Installer . | . . . Robots Hacked . | . . . Non-combat . | . . . Combat . | . . . Robot Hacks Applied . | . . . Relay Couplers Released . | . . . Fabnet Peak Effective % . | . . . Robots Rewired . | . . . Allies Hacked . | . . . Hacks Repelled . | . . . Allies | -11 -10 -10 -------- Run | Yrd Mat Sub Total Allies . | . . . Largest Group . | . . . Highest-Rated Group . | . . . Highest-Rated Ally . | . . . Total Orders . | . . . Ally Attacks . | . . . Total Damage . | . . . Kills . | . . . Allies Corrupted . | . . . Allies Melted . | . . . X0-1V1 Amusement Gains 19 | . 14 5 Average Entertainment 9 | . 14 9 Good Acts 19 | . . 19 Bad Acts 21 | . . 21 Intel | -11 -10 -10 ------- Run | Yrd Mat Sub Active Infowar (turns) . | . . . Robot Analysis Total . | . . . Derelict Logs Recovered . | . . . Drone Launches . | . . . Drone Recoveries . | . . . Exploration | -11 -10 -10 ------------- Run | Yrd Mat Sub Turns Passed 2428 | . 780 1648 Spaces Moved 800 | 1 278 521 Core . | . . . Treads 740 | . 219 521 Legs 60 | 1 59 . Wheels . | . . . Hover . | . . . Flight . | . . . Fastest Speed 120 | 120 120 160 Average Speed 177 | 120 151 190 Slowest Speed 240 | 120 160 240 Overloaded Moves . | . . . Propulsion Burnouts . | . . . Robots Hopped . | . . . Potential Cave-ins . | . . . Cave-ins Triggered . | . . . Exploration Rate (%) 19 | 2 44 12 Regions Visited 2 Branch Regions 1 Pre-discovered Areas 1 | . . 1 Known Exits Taken . | . . . Unknown Exits Taken 2 | 1 1 . Scrap Searched . | . . . Spaces Dug 1 | . . 1 Terrain Destroyed 1 | . . 1 Melee 1 | . . 1 Projectile . | . . . AOE . | . . . Terrain Rammed 1 | . . 1 Walls Destroyed . | . . . Machines Disabled . | . . . Actions | -11 -10 -10 --------- Run | Yrd Mat Sub Total 1634 | . 537 1097 Wait 667 | . 166 501 Move 798 | . 277 521 Hop . | . . . Pick Up 20 | . 12 8 Fast Attach 7 | . 4 3 Attach 9 | . . 9 Detach 2 | . 2 . Swap 11 | . 7 4 Drop 14 | . 10 4 Fire 84 | . 55 29 Melee 17 | . . 17 Ram 1 | . . 1 Kick . | . . . Crush 4 | . 4 . Escape Stasis . | . . . Rewire . | . . . Trap . | . . . Miscellaneous . | . . . Route ------- -11/Scrapyard -10/Materials (discovered 3 exits: [*Mat] / [*Min] / [*Sub]) -10/Subcaves (discovered 3 exits: *Mat x2 / Rec) History --------- Turn | Location | Event 1 | -11/Scrapyard | Discovered new exit (range 0) 1 | -11/Scrapyard | Entered Materials 111 | -10/Materials | Discovered new exit (range 8) 256 | -10/Materials | Discovered new exit (range 10) 312 | -10/Materials | Build established: Mutant 773 | -10/Materials | Prayed at D.C.S.S. Altar Unit 774 | -10/Materials | Discovered new exit (range 5) 781 | -10/Materials | Entered Subcaves 782 | -10/Subcaves | Approached by a straggling Scientist 794 | -10/Subcaves | Heat dissipation permanently improved by X0-1V1 (+15; -75 max core) 832 | -10/Subcaves | Learned location of Zion (-7) 832 | -10/Subcaves | Met a Zionite searching for "candidates" 1037 | -10/Subcaves | Discovered new exit (range 5) 1076 | -10/Subcaves | X0-1V1 caused items to flee you 1210 | -10/Subcaves | Core integrity restored by X0-1V1 (+26) 1275 | -10/Subcaves | Items stopped fleeing you 1301 | -10/Subcaves | X0-1V1 mutated your Propulsion slot to Weapon slot 1450 | -10/Subcaves | X0-1V1 activates XOMVISION 1632 | -10/Subcaves | Build established: Gunner 1728 | -10/Subcaves | Identified exit to Recycling 1728 | -10/Subcaves | X0-1V1 revealed exit location to -9/Recycling 1738 | -10/Subcaves | System corruption reached 10% 1739 | -10/Subcaves | Forcibly received Sfc. Transmogifier from X0-1V1 1798 | -10/Subcaves | Identified exit to Materials 1798 | -10/Subcaves | X0-1V1 revealed exit location to -8/Materials 1815 | -10/Subcaves | X0-1V1 sent hostile G-34 Mercenary (x5) 1824 | -10/Subcaves | Weapon slot count temporarily expanded by X0-1V1 (+3) 1825 | -10/Subcaves | Core integrity fell below 50% 1839 | -10/Subcaves | Core integrity fell below 20% 1854 | -10/Subcaves | Core integrity restored by X0-1V1 (+43) 1860 | -10/Subcaves | X0-1V1 mutated your Weapon slot to Power slot 1877 | -10/Subcaves | X0-1V1 sent hostile S-10 Pest (x5) 1959 | -10/Subcaves | Spotted Botminer 1960 | -10/Subcaves | Met H3-MLN with WIP Botcube army 1960 | -10/Subcaves | Spotted Lgt. Cannon Carrier 1982 | -10/Subcaves | X0-1V1 rescued you from certain death 2011 | -10/Subcaves | Lost 5 parts (1p1n3w) 2260 | -10/Subcaves | Build established: Mutant 2280 | -10/Subcaves | Weapon slot count reverted to normal (-3) 2386 | -10/Subcaves | X0-1V1 sent you into danger 2429 | -10/Subcaves | Destroyed by Lgt. Cannon Carrier with Light Cannon Last Messages --------------- 02387_ Sfc. Transmogrifier converts Shotgun into Scythe. 02389_ System corrupted: Heat flow error (+212). 02404_ J8NXRFBTM>QY0:UL|7